[Event "Championnat du monde jeunes U12F"]
[Date "2024.11.24"]
[White "Bassari, Senem Gul"]
[Black "Sevastsyanchuk, Anastasiya"]
[WhiteElo "1778"]
[BlackElo "1595"]
[Round "9.13"]
[Result "1-0"]
[TimeControl "5400+30"]

1. e4 c6 2. Nc3 d5 3. Nf3 Bg4 4. h3 Bxf3 5. Qxf3 e6 6. d4 Nf6 7. Bd3 dxe4 8. Nxe4 Qxd4 9. c3 Qd8 10. O-O Nbd7 11. Rd1 Be7 12. Bf4 e5 13. Bg3 Qc7 14. b4 a6 15. Bc2 c5 16. bxc5 Bxc5 17. Nxc5 Qxc5 18. Bf5 Qc7 19. Rab1 Rb8 20. Bxd7+ Nxd7 21. Qd5 Ke7 22.
Qe4 Qc6 23. Rxd7+ Kxd7 24. Rd1+ Kc8 25.
Qxe5 Ra8 26. Rd6 Qb5 27. Rd5 Qc6 28. Rc5 Ra7 29. Rxc6+ bxc6 30. Qb8+ 1-0

[Variant "Standard"]
[Site "Europe Echecs"]

[Event "Championnat du monde jeunes U12F"]
[Date "2024.11.24"]
[White "Rzadkowska, Kaja"]
[Black "Xia, Miaoyan"]
[WhiteElo "1798"]
[BlackElo "1711"]
[Round "9.14"]
[Result "1-0"]
[TimeControl "5400+30"]

1. e4 e5 2. Nc3 Nc6 3. g3 Nf6 4. Bg2 d6 5. d3 Be7 6. Nge2 O-O 7. O-O Bd7 8. f4 Bg4 9. h3 Bxe2 10. Nxe2 exf4 11. gxf4 Kh8 12. Ng3 Rg8 13. Be3 Qd7 14. d4 Nd8 15. Qe2 g6 16. Kh2 b6 17. e5 d5 18. exf6 Bxf6 19. c4 c6 20. cxd5 cxd5 21. Qf3 Rc8 22. Qxd5 Qxd5 23. Bxd5 Re8 24. Bg1 Ne6 25. Bxe6 Rxe6 26. Rac1 Rd8 27. Rfd1 Re7 28. Rc6 Bg7 29. Rd3 Red7 30. Ne2 Re7 31. Re3 Red7 32. Rd3 Re7 33. Nc3 Red7 34. Rc4 a6 35. a4 Rb7 36. d5 Rd6 37. Rc8+ 1-0

[Variant "Standard"]
[Site "Europe Echecs"]

[Event "Championnat du monde jeunes U12F"]
[Date "2024.11.24"]
[White "Sri Darshini T"]
[Black "Alcantara, Levanah"]
[WhiteElo "1681"]
[BlackElo "1753"]
[Round "9.15"]
[Result "1-0"]
[TimeControl "5400+30"]

1. d4 d5 2. c4 e6 3. Nc3 Be7 4. Nf3 Nf6 5. Bg5 O-O 6. e3 Nbd7 7. Qc2 a6 8. Rd1 dxc4 9. Bxc4 b5 10. Be2 Bb7 11. a3 Rc8 12. b4 Nd5 13. Bxe7 Qxe7 14. O-O Nxc3 15. Qxc3 Rfe8 16. Rc1 e5 17. Nxe5 Nxe5 18. dxe5 Qxe5 19. Qxe5 Rxe5 20. Rfd1 Rd5 21. Rxd5 Bxd5 22. Bg4 Be6 23. Bf3 Bc4 24. Bb7 Rd8 25. Bxa6 Ra8 26. Rd1 g6 27. Bb7 Rxa3 28. h3 Rb3 29. Rd7 Rxb4 30. Rxc7 Ra4 31. Rc5 Ra7 32. Bf3 Kg7 33. Rc8 Ra6 34. Rb8 Ra2 35. Rb7 Rb2 36. Rc7 Be6 37. Rb7 Rb1+ 38. Kh2 b4 39. Be4 Rb2 40. Kg3 b3 41. f4 Rd2 42. Kf3 Bc4 43. Kg3 Kh6 44. Rb6 Kg7 45. Rb4 Be6 46. Rb7 Rd7 47. Rb6 Kf8 48. Kf3 Ke7 49. Ke2 Rd6 50. Rb4 Ra6 51. g4 f5 52. gxf5 gxf5 53. Bd3 Rd6 54. h4 Kf6 55. e4 fxe4 56. Bxe4 Rd7 57. Rb6 Kf7 58. Bxh7 Ra7 59. Kd2 Ra2+ 60. Kc1 Rf2 61. Rb4 Kf6 62. h5 Rh2 63. Bg6 Rh1+ 64. Kb2 Rh3 65. f5 Bd7 66. Rb6+ Kg5 67. f6 Rf3 68. f7 Kh6 69. Be4+ 1-0

[Variant "Standard"]
[Site "Europe Echecs"]

[Event "Championnat du monde jeunes U12F"]
[Date "2024.11.24"]
[White "Sinkar, Anagha Aniket"]
[Black "Sabou, Stefania Theodora"]
[WhiteElo "1723"]
[BlackElo "1736"]
[Round "9.16"]
[Result "1/2-1/2"]
[TimeControl "5400+30"]

1. e4 c5 2. c3 Nf6 3. e5 Nd5 4. Nf3 Nc6 5. Bc4 Nb6 6. Bb3 d5 7. exd6 Qxd6 8. O-O Bf5 9. d4 c4 10. Bc2 Bxc2 11. Qxc2 e6 12. Nbd2 Be7 13. Ne4 Qd5 14. Re1 O-O 15. Nfg5 Qf5 16. Qe2 h6 17. Ng3 Qg6 18. Nh3 Bd6 19. Nf4 Bxf4 20. Bxf4 Nd5 21. Bd2 b5 22. Nh5 Nce7 23. Rab1 a6 24. b3 Rac8 25. a4 cxb3 26. axb5 axb5 27. Rxb3 Qc2 28. Rxb5 Nxc3 29. Qe5 Qg6 30. Nf4 Qf5 31. Qxf5 Nxf5 32. Bxc3 Rxc3 33. d5 exd5 34.
Nxd5 Rc6 35. h3 1/2-1/2

[Variant "Standard"]
[Site "Europe Echecs"]

[Event "Championnat du monde jeunes U12F"]
[Date "2024.11.24"]
[White "Ivaschenko, Anna"]
[Black "Gailevska, Milana"]
[WhiteElo "1732"]
[BlackElo "1698"]
[Round "9.17"]
[Result "1-0"]
[TimeControl "5400+30"]

1. Nf3 d5 2. c4 e6 3. g3 Nf6 4. Bg2 c6 5. b3 b6 6. O-O Be7 7. Bb2 Bb7 8. d3 O-O 9. Nbd2 c5 10. Ne5 Qc7 11. e4 d4 12. f4 Nc6 13. Nxc6 Bxc6 14. g4 Nd7 15. Qe1 e5 16. f5 Bg5 17. Nf3 Be3+ 18. Kh1 Nf6 19. Qh4 Rfe8 20. Bc1 Bxc1 21. Raxc1 Qe7 22. g5 Nd7 23. f6 Qf8 24. Nd2 g6 25. Rf3 Kh8 26. Bh3 a6 27. Nf1 Nb8 28. Ng3 Bd7 29. Nf5 Bxf5 30. exf5 Ra7 31. Rcf1 Nc6 32. Qe4 Qd6 33. fxg6 Rc7 34. g7+ Kg8 35. Bf5 1-0

[Variant "Standard"]
[Site "Europe Echecs"]

[Event "Championnat du monde jeunes U12F"]
[Date "2024.11.24"]
[White "Harutyunyan, Gabriela"]
[Black "Smirnova, Viktoria A"]
[WhiteElo "1730"]
[BlackElo "1658"]
[Round "9.18"]
[Result "1/2-1/2"]
[TimeControl "5400+30"]

1. e4 e6 2. d4 d5 3. Nc3 Bb4 4. e5 Ne7 5. Bd3 c5 6. Bd2 a6 7. dxc5 Bxc5 8. Qg4 Ng6 9. Nf3 Nc6 10. Bxg6 hxg6 11. h4 Qc7 12. Qg3 Bd7 13. Bf4 Qb6 14. Rb1 Ne7 15. O-O Nf5 16. Qh2 Bc6 17. Qh3 d4 18. Ne2 Bb5 19. b4 Bxe2 20. bxc5 Qc6 21. Rfe1 Bxf3 22. Qxf3 Qxf3 23. gxf3 Nxh4 24. Rb3 Rh5 25. Bg3 Rc8 26. Bxh4 Rxh4 27. Rxb7 Rxc5 28. Ra7 Rxc2 29. Rb1 Rc8 30. Rb4 Rf4 31. Rxa6 Rd8 32. Kg2 d3
33. Rb1 d2 34. Rd1 Rc4 35. Rb6 Rc1 1/2-1/2

[Variant "Standard"]
[Site "Europe Echecs"]

[Event "Championnat du monde jeunes U12F"]
[Date "2024.11.24"]
[White "Ribreau, Anna"]
[Black "Bogomolnikova, Zlata"]
[WhiteElo "1726"]
[BlackElo "1628"]
[Round "9.19"]
[Result "0-1"]
[TimeControl "5400+30"]

1. Nf3 d5 2. g3 c6 3. Bg2 Nf6 4. O-O Bf5 5. d3 e6 6. c4 dxc4 7. dxc4 Qxd1 8. Rxd1 Nbd7 9. Bf4 Bc5 10. Bd6 Bxd6 11. Rxd6 Nb6 12. b3 Nbd5 13. cxd5 cxd5 14. Ng5 h6 15. e4 hxg5 16. exf5 Ke7 17. fxe6 fxe6 18. Rxd5 Nxd5 19. Na3 Rac8 20. Re1 Rc5 21. Nc4 b5 22. Ne5 Rd8 23. f4 gxf4 24. gxf4 Nxf4 25. Nc6+ Rxc6 26. Bxc6 b4 27. Re4 Nd3 28. Rh4 e5 29. Re4 Kf6 30. Kg2 Nf4+ 31. Kf3 a5 32. Rc4 Rd2 33. h4 Rxa2 34. Ba4 Rd2 35. Ke4 Ne6 36. Kf3 Rd4 37. Bb5 Rxc4 38. Bxc4 Nc5 39. Ke3 Kf5 40. Kf3 e4+ 41. Kg3 a4 42. bxa4 Nxa4 0-1

[Variant "Standard"]
[Site "Europe Echecs"]

[Event "Championnat du monde jeunes U12F"]
[Date "2024.11.24"]
[White "Ejsymont, Blanka"]
[Black "Chovanec, Alice"]
[WhiteElo "1945"]
[BlackElo "1694"]
[Round "9.20"]
[Result "1-0"]
[TimeControl "5400+30"]

1. e4 c5 2. Nf3 e6 3. d4 cxd4 4. Nxd4 a6 5. Bd3 Nf6 6. O-O Qc7 7. c4 b6 8. Nc3 Bb7 9. Qe2 Nc6 10. Nxc6 dxc6 11. e5 Nd7 12. Bf4 Be7 13. Rfe1 g5 14. Bg3 h5 15. h3 O-O-O 16. Rab1 h4 17. Bh2 g4 18. Qxg4 Rdg8 19. Qf3 Rg7 20. Bf1 c5 21. Ne4 Qc6 22. Qe3 Rhg8 23. f3 Bg5 24. Bf4 Be7 25. Rbd1 Qa4 26. Rd2 Nb8 27. b3 Qe8 28. Bd3 Bxe4 29. Qxe4 Nc6 30. Bf1 Kc7 31. Be3 Qc8 32. Red1 Rd8 33. Rxd8 Nxd8 34. Bf2 Nc6 35. Bxh4 Bxh4 36. Qxh4 Nd4 37. Rd3 Qg8 38. Kh2 Rh7 39. Qf4 Qg6 40. b4 Rh5 41. bxc5 bxc5 42. g4 Rh6 43. Qe3 Qh7 44. Bg2 Rg6 45. Qd2 Kb6 46. Qb2+ Kc7 47. Qa3 Kb6 48. Qb2+ Ka7 49. f4 f5 50. gxf5 exf5 51. Qf2 Qc7 52. Rg3 Rb6 53. Rg8 Rb8 54. Rxb8 Qxb8 55. Qh4 Qc7 56. Qf6 a5 57. h4 Qh7 58. Qg5 Ne6 59. Qg3 Nd4 60. Kh3 Qh6 61. Qg5 Qh7 62. Qd8 Qg7 63. Qxa5+ Kb8 64. Qa8+ Kc7 65. Qb7+ Kd8 66. Qxg7 Ne2 67. Qg5+ Ke8 68. Bc6+ Kf7 69. Qxf5+ Kg7 70. Qf6+ Kh7 71. Be4+ Kg8 72. Kg4 Nxf4 73. Qxf4 Kg7 74. Qf6+ Kg8 75. Qg6+ Kh8 76. Qh7# 1-0

[Variant "Standard"]
[Site "Europe Echecs"]

[Event "Championnat du monde jeunes U12F"]
[Date "2024.11.24"]
[White "Abylaykyzy, Bibisara"]
[Black "Kovalskyy, Alicia"]
[WhiteElo "1694"]
[BlackElo "1871"]
[Round "9.21"]
[Result "1/2-1/2"]
[TimeControl "5400+30"]

1. d4 d5 2. c4 e6 3. Nf3 Nf6 4. g3 Be7 5. Bg2 O-O 6. O-O c6 7. Nc3 Nbd7 8. Qc2 dxc4 9. Nd1 b6 10. Qxc4 Bb7 11. Nc3 c5 12. Bf4 cxd4 13. Qxd4 Bc5 14. Qd3 Re8 15. Rfd1 Qe7 16. Bd6 Bxd6 17. Qxd6 Nc5 18. Nb5 Bd5 19. Qxe7 Rxe7 20. Ne5 Bxg2 21. Kxg2 Nd5 22. Rac1 a6 23. Nd6 f6 24. Nec4 Rd8 25. e4 Nb4 26. Nxb6 Nbd3 27. Nbc8 Rc7 28. Rxd3 Rcxc8 29. Nxc8 Nxd3 30. Rc7 Nxb2 31. Ne7+ Kf8 32. Nc6 Rd2 33. Rc8+ Kf7 34. Rc7+ Kf8 35. Ra7 Nd1 36. Rxa6 Nxf2 37. Kf3 Nd1 38. Ra8+ Kf7 39. Ra7+ Kf8 40. Ra8+ Kf7 41. Ra7+ 1/2-1/2

[Variant "Standard"]
[Site "Europe Echecs"]

[Event "Championnat du monde jeunes U12F"]
[Date "2024.11.24"]
[White "Ahmed Mohamed, Zakaa"]
[Black "Huang, Lucia"]
[WhiteElo "1866"]
[BlackElo "1621"]
[Round "9.22"]
[Result "1-0"]
[TimeControl "5400+30"]

1. e4 e5 2. Nf3 Nc6 3. Bc4 Bc5 4. c3 Nf6 5. d3 O-O 6. O-O d6 7. h3 h6 8. Re1 Re8 9. Nbd2 Be6 10. Bb5 a6 11. Ba4 b5 12. Bc2 Qd7 13. Nf1 d5 14. Qe2 dxe4 15. dxe4 Rad8 16. Ne3 Qd6 17. Nh4 Ne7 18. Qf3 c6 19. Nf1 Bd7 20. Rd1 Qc7 21. Bxh6 Kh7 22. Bg5 Neg8 23. Ng3 Be6 24. Rxd8 Rxd8 25. b4 Be7 26. Ngf5 Bf8 27. Ne3 c5 28. bxc5 Qxc5 29. Nd5 Rc8 30. Nxf6+ Nxf6 31. Bxf6 gxf6 32. Qh5+ Bh6 33. Nf5 Bxf5 34. Qxf5+ Kg7 35. Bb3 Qxc3 36. Rd1 Rc7 37. Qg4+ Kf8 38. g3 a5 39. Kg2 a4 40. Rd8+ Ke7 41. Qg8 Qc6 42. Bd5 Rd7 43. Qe8+ Kd6 44. Bxc6 Rxd8 45. Qxd8+ Kxc6 46. Qxf6+ Kc5 47. Qxh6 b4 48. Qc1+ Kd4 49. Qb2+ Kc4 50. h4 a3 51. Qb3+ Kc5 52. h5 Kd4 53. h6 Kxe4 54. h7 Kf5 55. h8=R Kg4 56. Qf3+ Kg5 57. Rg8+ Kh6 58. Qf6+ Kh5 59. Qg5# 1-0

[Variant "Standard"]
[Site "Europe Echecs"]

[Event "Championnat du monde jeunes U12F"]
[Date "2024.11.24"]
[White "Telyuk, Anastasiya"]
[Black "Tu, Audrey"]
[WhiteElo "1603"]
[BlackElo "1765"]
[Round "9.23"]
[Result "1/2-1/2"]
[TimeControl "5400+30"]

1. c4 c5 2. Nf3 g6 3. d4 Bg7 4. Nc3 cxd4 5. Nxd4 Nf6 6. e4 d6 7. Be2 Nc6 8. Nc2 O-O 9. Be3 b6 10. O-O Bb7 11. f3 Rc8 12. Qd2 Ne5 13. b3 Re8 14. Rac1 Qc7 15. Rfd1 Ba6 16. Nb4 Bb7 17. Nbd5 Nxd5 18. exd5 Nd7 19. Bd4 Nc5 20. Bxg7 Kxg7 21. Ne4 Rcd8 22. Qf4 h6 23. Qd2 Bc8 24. Nxc5 dxc5 25. Qb2+ Kh7 26. Bd3 Qf4 27. Bb1 e6 28. dxe6 Bxe6 29. Be4 1/2-1/2

[Variant "Standard"]
[Site "Europe Echecs"]

[Event "Championnat du monde jeunes U12F"]
[Date "2024.11.24"]
[White "Chichinadze, Anastasia"]
[Black "Baruch, Amit"]
[WhiteElo "1682"]
[BlackElo "1747"]
[Round "9.24"]
[Result "1/2-1/2"]
[TimeControl "5400+30"]

1. e4 e5 2. Nf3 Nc6 3. Bc4 Bc5 4. c3 Nf6 5. d3 a6 6. O-O d6 7. Bb3 Ba7 8. Re1 h6 9. Nbd2 g5 10. Nf1 g4 11. N3d2 h5 12. Nc4 h4 13. Be3 g3 14. Bxa7 Rxa7 15. Nce3 gxf2+ 16. Kxf2 Nh5 17. Nd5 Be6 18. Nfe3 Ne7 19. Nxe7 Qxe7 20. Bxe6 fxe6 21. Ke2 Nf4+ 22. Kd2 Qg5 23. Rg1 Rg8 24. Qf3 Rf8 25. Raf1 Qh6 26. h3 Ra8 27. Ng4 Qg5 28. Qe3 Qg7 29. Kc2 Ke7 30. Rf2 Rg8 31. d4 Qg5 32. dxe5 Nxh3 33. exd6+ cxd6 34.
Qxg5+ Nxg5 35. Re1 Rg6 36. e5 dxe5 37. Nxe5 Rf6 38. Ref1 Rxf2+ 39. Rxf2 Rg8 40. Rf4 h3 1/2-1/2

[Variant "Standard"]
[Site "Europe Echecs"]

[Event "Championnat du monde jeunes U12F"]
[Date "2024.11.24"]
[White "Bohatyrova, Mariia"]
[Black "Moscovitch, Shelly"]
[WhiteElo "1722"]
[BlackElo "1552"]
[Round "9.25"]
[Result "1-0"]
[TimeControl "5400+30"]

1. e4 e5 2. Nf3 Nc6 3. Bb5 a6 4. Ba4 Nf6 5. Qe2 b5 6. Bb3 Bc5 7. O-O d6 8. c3 O-O 9. Rd1 Bb6 10. d3 h6 11. Nbd2 Ne7 12. Nf1 Ng6 13. h3 Kh8 14. g4 Nxg4 15. hxg4 Bxg4 16. N1h2 Bh5 17. Qf1 Nh4 18. Qh3 Nxf3+ 19. Nxf3 Bg6 20. Bxh6 Kg8 21. Bg5 Qc8 22. Qxc8 Raxc8 23. Kg2 Bh5 24. Rh1 g6 25. Bf6 Rfe8 26. Ng5 Rf8 27. Be7 1-0

[Variant "Standard"]
[Site "Europe Echecs"]

[Event "Championnat du monde jeunes U12F"]
[Date "2024.11.24"]
[White "Tursunalieva, Nurelina"]
[Black "Zavivaeva, Angelina"]
[WhiteElo "1701"]
[BlackElo "1499"]
[Round "9.26"]
[Result "0-1"]
[TimeControl "5400+30"]

1. e4 c6 2. d4 d5 3. e5 Bf5 4. Bd3 Bxd3 5. Qxd3 e6 6. c3 Ne7 7. Nf3 Nd7 8. b3 Nf5 9. Bb2 Be7 10. Nbd2 O-O 11. O-O Qc7 12. Rac1 Rfd8 13. Qe2 Nb6 14. Rfd1 a5 15. a3 a4 16. b4 Nd7 17. c4 dxc4 18. Nxc4 Nb6 19. Nxb6 Qxb6 20. g4 Nh4 21. Nxh4 Bxh4 22. Rd3 Bg5 23. Rf1 Qb5 24. Qc2 Qd5 25. Rh3 g6 26. f4 Be7 27. f5 Bf8 28. Qf2 Qe4 29. Rg3 Rd7 30. Re1 Qd5 31. f6 h6 32. Rh3 b6 33. Ree3 c5 34. Rd3 Qe4 35. g5 h5 36. bxc5 bxc5 37. Rhe3 Qg4+ 38. Rg3 Qe4 39. Rd2 Rb8 40. Re2 Qb1+ 41. Kg2 cxd4 42. Bxd4 Rb3 43. Bc5 Rxg3+ 44. hxg3 Qb7+ 45. Kh2 Rd1 46. g4 Qh1+ 47. Kg3 h4+ 48. Kf4 Rf1 49. Be7 Qh2+ 50. Ke3 Rxf2 51. Rxf2 Qxe5+ 0-1

[Variant "Standard"]
[Site "Europe Echecs"]

[Event "Championnat du monde jeunes U12F"]
[Date "2024.11.24"]
[White "Sunea, Sara Maria"]
[Black "Muradova, Nebahat"]
[WhiteElo "1823"]
[BlackElo "1626"]
[Round "9.27"]
[Result "1-0"]
[TimeControl "5400+30"]

1. e4 e6 2. d4 d5 3. Nc3 dxe4 4. Nxe4 Nd7 5. Nf3 Ngf6 6. Bd3 Be7 7. O-O O-O 8. c4 Nxe4 9. Bxe4 Nf6 10. Bc2 c5 11. b3 b6 12. Bb2 cxd4 13. Nxd4 Bb7 14. Qe2 Bc5 15. Rad1 Qe7 16. Rd3 Bxd4 17. Rxd4 Rfd8 18. Rh4 h6 19. Rf4 Ne8 20. Be4 a6 21. h3 b5 22. Bxb7 Qxb7 23. Rc1 Rac8 24. Rg4 Kf8 25. Ba3+ Kg8 26. Bb2 Kf8 27. Qe3 h5 28. Rh4 g6 29. Qh6+ Ke7 30. Qg5+ Kf8 31. Rf4 Kg8 32. Qh6 1-0

[Variant "Standard"]
[Site "Europe Echecs"]

[Event "Championnat du monde jeunes U12F"]
[Date "2024.11.24"]
[White "Lukin, Yesenia"]
[Black "Chen, Pin-I"]
[WhiteElo "1732"]
[BlackElo "1601"]
[Round "9.28"]
[Result "1-0"]
[TimeControl "5400+30"]

1. d4 d5 2. Bf4 Nf6 3. e3 e6 4. Nd2 Bd6 5. Bg3 c5 6. c3 Qc7 7. Bb5+ Nbd7 8. Bxd6 Qxd6 9. Ngf3 O-O
10. h3 a6 11. Ba4 b5 12. Bc2 e5 13. dxe5 Nxe5 14. Nxe5 Qxe5 15. Nf3 Qc7 16.
O-O Bb7 17. Rc1 Rfd8 18. Qe2 Ne4 19.
Rfd1 Rac8 20. Nd2 Qe7 21. Nxe4 dxe4 22.
Rxd8+ Rxd8 23. Rd1 g6 24. Rxd8+ Qxd8 25. Qg4 f5 26. Qd1 Qxd1+ 27. Bxd1 Bd5 28. a3 Kf7 29. Kh2 Ke6 30. Kg3 Ke5 31. Kh4 h6 32. a4 c4 33. Kg3 Bc6 34. axb5 axb5 35. Kh2 f4 36. Bg4 g5 37. h4 Kf6 38. exf4 gxf4 39. g3 Ke5 40. Kg1 fxg3 41. fxg3 e3 42. Kf1 Bh1 43. Ke2 Ke4 44. Bh5 Kf5 45. Kxe3 Bc6 46. Bd1 Ke5 47. b3 Bd5 48. b4 Bc6 49. Bh5 Bd7 50. g4 Bc6 51. Bg6 Bd7 52. g5 hxg5 53. hxg5 Be6 54. Be8 Kf5 55. Bxb5 Kxg5 56. Kd4 Kf6 57. Bxc4 Bc8 58. Bd5 Ke7 59. c4 Kd7 60. b5 Kc7 1-0

[Variant "Standard"]
[Site "Europe Echecs"]

[Event "Championnat du monde jeunes U12F"]
[Date "2024.11.24"]
[White "Potikha, Shelley"]
[Black "Xu, Melissa"]
[WhiteElo "1561"]
[BlackElo "1731"]
[Round "9.29"]
[Result "1-0"]
[TimeControl "5400+30"]

1. e4 c5 2. Nf3 a6 3. Be2 d6 4. O-O Nf6 5. Nc3 Nc6 6. d4 cxd4 7. Nxd4 Bd7 8. Be3 e6 9. f4 Be7 10. Qe1 h5 11. Nxc6 Bxc6 12. e5 Ne4 13. Nxe4 Bxe4 14. Bf3 Bxf3 15. Rxf3 g6 16. exd6 Qxd6 17. Rd1 Qc7 18. Bd4 Rg8 19. Be5 Qb6+ 20. Kh1 Rc8 21. Rb3 Qa7 22. Qd2 Rd8 23. Rd3 Rxd3 24. Qxd3 b5 25. Qe4 f5 26. Qc6+ Kf7 27. Rd7 Rd8 28. Rxd8 Bxd8 29. h3 Bb6 30. Qd6 Qb7 31. b3 Qa7 32. c4 bxc4 33. bxc4 Bc5 34. Qd8 Qe7 35. Qh8 Qh4 36. Qg7+ Ke8 37. Qxg6+ Kf8 38. Qg7+ Ke8 39. Qh8+ Ke7 40. Qg7+ Ke8 41. Qg8+ Ke7 42. Qg5+ Qxg5 43. fxg5 Kf7 44. h4 Bf2 45. g3 Bc5 46. Kg2 Kg6 47. Kf3 Kf7 48. Ke2 Kg6 49. Kd3 Kf7 50. Kc2 a5 51. Kb3 Bb4 52. Ka4 Kg6 53. Kb5 Kf7 54. c5 Bxc5 55. Kxc5 Ke7 56. Kb5 a4 57. Kxa4 Kf7 58. Kb5 Ke7 59. a4 Kf7 60. a5 Ke7 61. a6 Kf7 62. a7 Ke7 63. a8=Q Kf7 64. Qb7+ 1-0

[Variant "Standard"]
[Site "Europe Echecs"]

[Event "Championnat du monde jeunes U12F"]
[Date "2024.11.24"]
[White "Oksanen, Maria"]
[Black "Anu, Bayart-Uchral"]
[WhiteElo "1725"]
[BlackElo "1624"]
[Round "9.30"]
[Result "1-0"]
[TimeControl "5400+30"]

1. e4 d5 2. exd5 Qxd5 3. Nc3 Qa5 4. d4 Nf6 5. Nf3 Bf5 6. Bc4 e6 7. Bd2 c6 8. Nd5 Qd8 9. Nxf6+ gxf6 10. Be3 Bd6 11. Bd3 Bxd3 12. Qxd3 Nd7 13. Bh6 Qa5+ 14. Bd2 Qc7 15. O-O-O O-O-O 16. g3 f5 17. c4 c5 18. d5 Ne5 19. Qc3 Nxf3 20. Qxf3 Be5 21. Bc3 Bxc3 22. Qxc3 e5 23. Qf3 Qd7 24. Qe3 Qd6 25. Qg5 Qg6 26. Qe7 Qd6 27. Qxf7 Rdf8 28. Qe6+ Qxe6 29. dxe6 Re8 30. Rd5 Rxe6 31. Rxc5+ Kb8 32. Re1 Rhe8 33. Rd5 Kc7 34. Red1 R6e7 35. b4 b6 36. Kc2 Rf8 37. Re1 Rfe8 38. Kb3 Kc6 39. b5+ Kc7 40. Kb4 Re6 41. a4 R8e7 42. a5 Kb7 43. c5 bxc5+ 44. Rxc5 h6 45. a6+ Kb8 46. Rd1 Re8 47. Ka5 h5 48. Rd7 R6e7 49. Rd6 Re6 50. Rcc6 Rxd6 51. Rxd6 e4 52. Rh6 h4 53. Rxh4 Rf8 54. Rf4 Kc7 55. g4 Rh8 56. gxf5 Rxh2 57. f6 Rh8 58. Rxe4 Rf8 59. Re6 Kb8 60. b6 axb6+ 61. Kxb6 Ka8 62. f4 Kb8 63. a7+ Ka8 64. f7 1-0

[Variant "Standard"]
[Site "Europe Echecs"]

[Event "Championnat du monde jeunes U12F"]
[Date "2024.11.24"]
[White "Liu, Jingyu"]
[Black "Stepankova, Linda"]
[WhiteElo "1680"]
[BlackElo "1624"]
[Round "9.31"]
[Result "1-0"]
[TimeControl "5400+30"]

1. d4 Nf6 2. c4 e5 3. dxe5 Ng4 4. Nf3 Bc5 5. e3 Nc6 6. Be2 O-O 7. O-O Ngxe5 8. Nxe5 Nxe5 9. Nd2 d6 10. Nf3 Be6 11. Nxe5 dxe5 12. b3 Qg5 13. Qc2 Rad8 14. Rd1 Qh4 15. Bb2 Qg5 16. Rxd8 Rxd8 17. Rd1 Rxd1+ 18. Qxd1 e4 19. g3 Bh3 20. Bf1 Bg4 21. Qd2 h6 22. Bg2 Bf3 23. Bf1 Qe7 24. Bg2 Bb4 25. Qd4 Qg5 26. h4 Qg6 27. Bh3 c5 28. Qd8+ Kh7 29. a3 Be1 30. Kf1 Qb6 31. Qxb6 axb6 32. Kxe1 Kg6 33. Bc8 f6 34. Bxb7 Kh5 35. b4 g6 36. bxc5 bxc5 37. Bxf6 Bg4 38. Bxe4 Be6 39. Bf3+ Bg4 40. Bxg4+ Kxg4 41. a4 1-0

[Variant "Standard"]
[Site "Europe Echecs"]

[Event "Championnat du monde jeunes U12F"]
[Date "2024.11.24"]
[White "Radenkovic, Lena"]
[Black "Liang, Candice"]
[WhiteElo "1675"]
[BlackElo "1551"]
[Round "9.32"]
[Result "0-1"]
[TimeControl "5400+30"]

1. Nf3 d5 2. g3 Bg4 3. Bg2 Nd7 4. O-O e6 5. d3 Bd6 6. Nbd2 Ne7 7. Qe1 O-O 8. e4 c5 9. b3 Qc7 10. Bb2 f6 11. h3 Bh5 12. d4 cxd4 13. Nxd4 Bf7 14. c4 dxc4 15. Nxc4 Bc5 16. Rc1 Bxd4 17. Bxd4 Nc6 18. Bc3 Nc5 19. Qe3 b6 20. e5 fxe5 21. Bxe5 Nxe5 22. Bxa8 Ned3 23. Rc2 Rxa8 24. f4 Nb4 25. Rd2 Nd5 26. Qe5 Qxe5 27. fxe5 Ne4 28. Rd3 Bg6 29. Kh2 Ng5 30. Rdd1 b5 31. Rxd5 exd5 32. Nd6 Be4 33. g4 Nf3+ 34. Kg3 Nxe5 35. Nxb5 Bd3 36. Rd1 Bxb5 37. Rxd5 Nxg4 38. Rxb5 Nf6 39. Ra5 Kf7 40. b4 Ne4+ 41. Kf3 Nd6 42. b5 Nc4 43. Ra6 Ke7 44. Ke4 Nd6+ 45. Kd5 Nxb5 46. Kc6 Nd6 47. Kd5 Nf5 48. Kc6 Nd6 49. Kd5 Nb5 50. Kc5 Nc7 51. Rc6 Rc8 52. Kd4 Ne6+ 53. Rxe6+ Kxe6 54. a4 a5 55. h4 Rb8 56. Kc3 Rb4 57. h5 Rxa4 58. Kb3 Rh4 59. h6 Rxh6 60. Ka4 g5 61. Kxa5 g4 62. Kb6 g3 63. Kb7 g2 64. Kb8 g1=Q 65. Ka8 Kf5 66. Kb8 Qg7 67. Ka8 Rf6 68. Kb8 Rf8# 0-1

[Variant "Standard"]
[Site "Europe Echecs"]

[Event "Championnat du monde jeunes U12F"]
[Date "2024.11.24"]
[White "Wang, Tianmu"]
[Black "Hrckova, Anna"]
[WhiteElo "1640"]
[BlackElo "1441"]
[Round "9.33"]
[Result "1-0"]
[TimeControl "5400+30"]

1. e4 e6 2. d4 d5 3. exd5 exd5 4. Nf3 Bd6 5. Bd3 Nc6 6. c3 Be6 7. O-O h6 8. Re1 Qf6 9. c4 O-O-O 10. c5 Bf4 11. Bxf4 Qxf4 12. Bb5 Nge7 13. Qa4 Kb8 14. Nc3 h5 15. Ne2 Qg4 16. b4 Qg6 17. Bxc6 Nxc6 18. Nf4 Qg4 19. Nxe6 fxe6 20. b5 Ne7 21. c6 Rd6 22. Rac1 Rf8 23. Ne5 Qg5 24. Nd7+ Rxd7 25. cxd7 Qg6 26. Qa5 c6 27. d8=Q+ Rxd8 28. Qxd8+ Nc8 29. bxc6 b6 30. Qd7 Nd6 31. c7+ Kb7 32. c8=Q# 1-0

[Variant "Standard"]
[Site "Europe Echecs"]

[Event "Championnat du monde jeunes U12F"]
[Date "2024.11.24"]
[White "Laurincova, Timea"]
[Black "Jacome Revelo, Daniela Alexandra"]
[WhiteElo "1549"]
[BlackElo "1764"]
[Round "9.34"]
[Result "1/2-1/2"]
[TimeControl "5400+30"]

1. e4 c5 2. Nf3 g6 3. d4 cxd4 4. Nxd4 Nc6 5. c4 Nf6 6. Nc3 d6 7. f3 Nxd4 8. Qxd4 Bg7 9. Be3 O-O 10. Qd2 Be6 11. Rc1 Qa5 12. Bd3 Nd7 13. b3 Rfc8 14. Ne2 Qa3 15. Nf4 a5 16. Nxe6 fxe6 17. h4 Qb4 18. h5 Ne5 19. Bb1 Qxd2+ 20. Kxd2 a4 21. Bc2 axb3 22. Bxb3 Rc6 23. c5 dxc5 24. Rxc5 Kf7 25. hxg6+ hxg6 26. Rxc6 Nxc6 27. Rh7 Kg8 28. Rh1 Kf7 29. Rd1 Na5 30. Ke2 Nxb3 31. axb3 Ra2+ 32. Rd2 Ra3 33. Rd3 1/2-1/2

[Variant "Standard"]
[Site "Europe Echecs"]

[Event "Championnat du monde jeunes U12F"]
[Date "2024.11.24"]
[White "Tsinjoviniavo, Aina Mahasambatra"]
[Black "Hiznicenco, Valeria"]
[WhiteElo "1716"]
[BlackElo "1513"]
[Round "9.35"]
[Result "1/2-1/2"]
[TimeControl "5400+30"]

1. e4 e5 2. Nf3 Nc6 3. d4 exd4 4. Nxd4 Qh4 5. Qd3 Nf6 6. Nxc6 dxc6 7. Nd2 Bb4 8. c3 Bc5 9. g3 Qg4 10. Bg2 O-O 11. Nb3 Bb6 12. Be3 Bxe3 13. Qxe3 Re8 14. f3 Qg6 15. O-O-O Nd5 16. Qd2 Nb6 17. Qd8 Bh3 18. Qd2 Nc4 19. Qe2 Bxg2 20. Qxg2 Ne3 21. Qd2 Nxd1 22. Rxd1 Qf6 23. Qe3 Qh6 24. Qxh6 gxh6 25. Rd7 Rac8 26. Na5 Red8 27. Rxd8+ Rxd8 28. Nxb7 Rd3 29. f4 Re3 30. Kd2 Rxe4 31. Nd8 Ra4 32. Nxc6 Rxa2 33. Kc2 Kf8 34. f5 a5 35. Kb1 Ra4 36. Kc2 1/2-1/2

[Variant "Standard"]
[Site "Europe Echecs"]

[Event "Championnat du monde jeunes U12F"]
[Date "2024.11.24"]
[White "Budhram, Kaylee"]
[Black "Mrad, Anahid"]
[WhiteElo "1614"]
[BlackElo "1558"]
[Round "9.36"]
[Result "1/2-1/2"]
[TimeControl "5400+30"]

1. d4 d5 2. c4 e6 3. Nf3 a6 4. g3 dxc4 5. a4 Bb4+ 6. Bd2 Qd6 7. e4 Nc6 8. Bxb4 Qxb4+ 9. Qd2 Nf6 10. e5 Ne4 11. Qxb4 Nxb4 12. Na3 b5 13. Bg2 Nd3+ 14. Ke2 Nexf2 15. Ne1 Rb8 16. Rf1 Bb7 17. Bxb7 Rxb7 18. axb5 axb5 19. Nxc4 bxc4 20. Ra8+ Kd7 21. Rxh8 Rxb2+ 22. Kf3 c3 23. Nxd3 1/2-1/2

[Variant "Standard"]
[Site "Europe Echecs"]

[Event "Championnat du monde jeunes U12F"]
[Date "2024.11.24"]
[White "Petrusic, Dusica"]
[Black "Ordonez Alarcon, Daniela"]
[WhiteElo "1498"]
[BlackElo "1606"]
[Round "9.37"]
[Result "1/2-1/2"]
[TimeControl "5400+30"]

1. e4 e5 2. Nf3 Nc6 3. Bb5 a6 4. Ba4 Nf6 5. d3 b5 6. Bb3 Bc5 7. Bg5 h6 8. Bh4 g5 9. Bg3 d6 10. h3 Na5 11. Nc3 Nxb3 12. axb3 Nh5 13. Bh2 Nf4 14. Bxf4 exf4 15. Nh2 Bb6 16. Nxb5 Be6 17. Nc3 Qf6 18. Qf3 Qd4 19. Rf1 1/2-1/2

[Variant "Standard"]
[Site "Europe Echecs"]